AoeStats
← Sweet Tooth

Arabian Desert

510416384Analyzed
1v1 RM · 3d ago on Sep 30, 2026· 31m 52s· 2 players
Game mode
Random Map
Map size
Tiny (2 player)
Population
200
Speed
Normal
Resources
Standard
Victory
Conquest
Starting age
Dark Age
Ending age
Imperial Age
RankedLock teamsTeams togetherTeam positionsShared explorationLock speedFull tech treeHidden civsTurbo modeCheats
Victory
Defeat
🇨🇦 Poles · Canada
660
+34
🇨🇦 Franks · Canada
674
-17
Sweet Tooth
9:15 Loom
12:30 Feudal Age
13:10 Double-Bit Axe
13:17 Horse Collar
13:59 Stone Mining
22:07 Bloodlines
26:15 Castle Age
ecstaticgem
0:37 Loom
13:35 Feudal Age
14:59 Double-Bit Axe
15:03 Town Watch
22:45 Scale Mail Armor
24:01 Forging
31:06 Castle Age
Connection lost

Rejoining the realm…

Still unreachable

The connection could not be restored.

Session expired

The server has moved on; the page needs a fresh start.